 Dungeon Crawl Stone Soup version 0.27-a0-46-g34d46f0a3f (webtiles) character file.

Game seed: 9379409113959295477

1071 hehateme the Geomancer (level 8, 0/48 HPs)
             Began as a Gargoyle Earth Elementalist on Jan 6, 2021.
             Slain by a yak (9 damage)
             ... on level 3 of the Dungeon on Jan 7, 2021.
             The game lasted 00:15:45 (6407 turns).

hehateme the Geomancer (GrEE)                       Turns: 6407, Time: 00:15:45

Health: 0/48       AC: 11    Str: 12    XL:     8   Next: 28%
Magic:  8/11       EV: 10    Int: 18    God:
Gold:   252        SH:  0    Dex: 10    Spells: 10/11 levels left

rFire    . . .     SeeInvis .   f - +0 halberd
rCold    . . .     Faith    .   (shield currently unavailable)
rNeg     + . .     Spirit   .   p - +0 ring mail
rPois    ∞         Reflect  .   (no helmet)
rElec    +         Harm     .   h - +0 cloak
rCorr    .         Rampage  .   (no gloves)
Will     .....                  (no boots)
Stlth    +.........             (no amulet)
HPRegen  0.16/turn              (no ring)
MPRegen  0.12/turn              (no ring)

@: no status effects
A: negative energy resistance 1, electricity resistance, unbreathing,
petrification resistance, miasma immunity, AC +5
a: no special abilities


You were on level 3 of the Dungeon.
You visited 1 branch of the dungeon, and saw 4 of its levels.

You collected 252 gold pieces.

Inventory:

Hand Weapons
 f - a +0 halberd (weapon)
 n - a +0 dagger
 A - a +0 spear
Missiles
 b - 32 sling bullets
 o - 38 bolts
 r - 85 arrows
 t - 22 poisoned darts
 C - 8 silver javelins
 Q - 25 stones
Armour
 c - a +0 robe
 h - a +0 cloak (worn)
 p - a +0 ring mail (worn)
 w - a +0 ring mail
Jewellery
 a - an uncursed ring of wizardry {unknown}
Wands
 v - a wand of paralysis (5)
 B - a wand of acid (8)
Scrolls
 i - 5 scrolls of identify {unknown}
 j - a scroll of immolation {unknown}
 k - 3 scrolls of enchant armour {unknown}
 m - 2 scrolls of teleportation {unknown}
 q - a scroll of remove curse {unknown}
 s - a scroll of random uselessness {unknown}
 x - 2 scrolls of enchant weapon {unknown}
 y - a scroll of fog {unknown}
Potions
 d - a potion of lignification {unknown}
 e - a potion of berserk rage {unknown}
 g - 3 potions of brilliance {unknown}
 l - a potion of curing {unknown}
 u - 2 potions of invisibility {unknown}
 z - a potion of degeneration {unknown}


   Skills:
 + Level 4.8 Fighting
 - Level 3.1 Short Blades
 + Level 2.4 Polearms
 - Level 1.5 Dodging
 - Level 2.1 Stealth
 - Level 2.0 Spellcasting
 - Level 0.7 Transmutations
 * Level 8.8 Earth Magic


You had 10 spell levels left.
You knew the following spells:

 Your Spells              Type           Power        Failure   Level
a - Sandblast             Erth           66%          1%          1

Your spell library contained the following spells:

 Spells                   Type           Power        Failure   Level
 Passwall                 Tmut/Erth      15%          9%          2
 Stone Arrow              Conj/Erth      34%          21%         3
 Lee's Rapid Deconstruct  Erth           16%          30%         5
 Petrify                  Tmut/Erth      19%          50%         4
 Corpse Rot               Necr/Air       N/A          52%         2
 Dispel Undead            Necr           1%           99%         4
 Agony                    Necr           1%           100%        5
 Excruciating Wounds      Necr           0%           100%        5
 Sublimation of Blood     Necr           Unusable     N/A         2

Dungeon Overview and Level Annotations

Branches:
Dungeon (4/15)
 Temple: D:4-7

Altars:
Xom

Annotations:
D:2 1 runed translucent door, Crazy Yiuf, Robin
D:3 Sigmund


Innate Abilities, Weirdness & Mutations

You are resistant to torment.
Your stone body is resilient. (AC +5)
You are immune to poison.
You resist negative energy. (rN+)
You are resistant to electric shocks. (rElec)
You can survive without breathing.
You are immune to petrification.
You are immune to miasma.


Message History

The yak gores you.
* * * LOW HITPOINT WARNING * * *
The yak gores you but does no damage.
You take 4 damage, and have 11/48 hp.
You now have 8/11 mp.
Aim: a yak (severely wounded, 11% to evade)
The blast of sand hits the yak!
The yak closely misses you. x2
You now have 7/11 mp.
Aim: a yak (almost dead, 11% to evade)
The blast of sand hits the yak!
You kill the yak!
The yak closely misses you.
You now have 6/11 mp.
The yak gores you.
* * * LOW HITPOINT WARNING * * *
Things that are here:
a yak corpse; a yak corpse You take 5 damage, and have 6/48 hp.
The yak gores you!
You die...

#.# #.# #.########'###
######.######.######.###.........
#>†..............................
#†###########.######.###.........
#.#.#.##### #.# #.# #.........
#.#.#.....# #.# #.# #.........
#.#.......# #.# #.# #.........
#.#.#.#######.######.###.........
#..............Y@......+.......>.
.....########.######.###.........
###..# ####......###.# #.........
.....# #.............# #####..#'#
##...# #.##.####.##### #.........
##...# #.##.# #.# #.........
##...# #.##.####.# #.........
##...# #.##†.....# #.........
#....# #.##...†..# #.........

Skill      XL: |  1  2  3  4  5  6  7 |
---------------+----------------------+-----
Earth Magic    | 4 5 6 7 8 |  8.8
Fighting       | 1 2 3 4 |  4.8
Short Blades   | 1 2 3 |  3.1
Polearms       | 2 |  2.4
Dodging        | |  1.5
Stealth        | |  2.1
Spellcasting   | |  2.0
Transmutations | |  0.7

Notes
Turn   | Place    | Note
-------+----------+-------------------------------------------
     0 | D:1      | hehateme the Gargoyle Earth Elementalist began the quest
                  | for the Orb.
     0 | D:1      | Reached XP level 1. HP: 10/10 MP: 3/3
   410 | D:1      | Reached skill level 4 in Earth Magic
   424 | D:1      | Reached XP level 2. HP: 16/16 MP: 0/5
   509 | D:1      | Reached skill level 1 in Fighting
   814 | D:1      | Reached XP level 3. HP: 20/20 MP: 4/6
  1375 | D:2      | Reached skill level 5 in Earth Magic
  1412 | D:2      | Found a shimmering altar of Xom.
  1476 | D:2      | Reached skill level 2 in Fighting
  1476 | D:2      | Reached XP level 4. HP: 26/26 MP: 1/7
  2026 | D:2      | Noticed Robin
  2452 | D:2      | Found a runed translucent door.
  2453 | D:2      | Noticed Crazy Yiuf
  2735 | D:3      | HP: 6/26 [something/puff of flame (6)]
  3072 | D:3      | Noticed Jessica
  3084 | D:3      | Killed Jessica
  3085 | D:3      | Reached skill level 1 in Short Blades
  3085 | D:3      | Reached XP level 5. HP: 31/31 MP: 6/8
  3241 | D:3      | Noticed a boggart
  3241 | D:3      | a scorpion changed into a boggart
  3252 | D:3      | Killed a boggart
  3253 | D:3      | Reached skill level 2 in Short Blades
  3253 | D:3      | Reached skill level 6 in Earth Magic
  3253 | D:3      | Reached XP level 6. HP: 22/36 MP: 9/9
  3842 | D:3      | Reached skill level 3 in Fighting
  4384 | D:3      | Noticed Sigmund
  5354 | D:4      | Noticed a yak
  5675 | D:4      | Noticed a yak
  5808 | D:4      | Reached skill level 3 in Short Blades
  5935 | D:4      | Reached skill level 7 in Earth Magic
  5935 | D:4      | Reached XP level 7. HP: 38/41 MP: 7/10
  6171 | D:4      | Noticed a yak
  6171 | D:4      | Noticed a yak
  6201 | D:3      | Killed a yak
  6202 | D:3      | Reached skill level 4 in Fighting
  6202 | D:3      | Reached skill level 1 in Polearms
  6268 | D:4      | Noticed a yak
  6273 | D:3      | Killed a yak
  6274 | D:3      | Reached skill level 8 in Earth Magic
  6278 | D:3      | Killed a yak
  6279 | D:3      | Reached skill level 2 in Polearms
  6279 | D:3      | Reached XP level 8. HP: 31/48 MP: 3/11
  6386 | D:3      | HP: 11/48 [yak (4)]
  6388 | D:3      | Killed a yak
  6407 | D:3      | Slain by a yak

Table legend: (Time is in decaauts)
 A = Elapsed time spent in this place.
 B = Non-inter-level travel time spent in this place.
 C = Inter-level travel time spent in this place.
 D = Time resting spent in this place.
 E = Time spent auto-exploring this place.
 F = Levels seen in this place.
 G = Mean time per level.
                   A        B        C        D        E       F      G
               +--------+--------+--------+--------+--------+-----+--------+
         Total |   6438 |   6007 |    431 |   1522 |   3257 |   4 | 1609.5 |
       Dungeon |   6438 |   6007 |    431 |   1522 |   3257 |   4 | 1609.5 |
               +--------+--------+--------+--------+--------+-----+--------+

Top non-repeatable levels by time:
     D:3: 2678 daAuts
     D:1: 1801 daAuts
     D:2: 1197 daAuts
     D:4: 761 daAuts

Table legend:
 A = Kills in this place as a percentage of kills in entire the game.
 B = Kills by you in this place as a percentage of kills by you in the entire game.
 C = Kills by friends in this place as a percentage of kills by friends in the entire game.
 D = Other kills in this place as a percentage of other kills in the entire game.
 E = Experience gained in this place as a percentage of experience gained in the entire game.
 F = Experience gained in this place divided by the number of levels of this place that you have seen.
                   A       B       C       D       E      F
               +-------+-------+-------+-------+-------+----------------------
         Total | 100.0 | 100.0 |   N/A |   N/A | 100.0 | 382.5
       Dungeon | 100.0 | 100.0 |   N/A |   N/A | 100.0 | 382.5
               +-------+-------+-------+-------+-------+----------------------

Action                   |  1- 3 |  4- 6 |  7- 9 || total
-------------------------+-------+-------+-------++-------
Melee: Unarmed           |     3 |    29 |       ||    32
       Dagger            |       |   123 |       ||   123
       Spear             |       |    75 |       ||    75
       Halberd           |       |    10 |       ||    10
Throw: Dart              |       |    61 |       ||    61
       Throwing net      |       |     1 |       ||     1
 Cast: Sandblast         |    43 |    33 |    26 ||   102
Evoke: Wand              |       |    33 |       ||    33
 Stab: Paralysed         |       |     3 |       ||     3
Armor: Robe              |     2 |       |       ||     2
       Ring mail         |     5 |   180 |     8 ||   193
Dodge: Dodged            |     9 |   192 |    13 ||   214

Vanquished Creatures
  4 yaks (D:3)
  A boggart (D:3)
  A howler monkey (D:4)
  A hound (D:4)
  Jessica (D:3)
  An iguana (D:4)
  An orc wizard (D:3)
  3 worker ants (D:4)
  8 gnolls
  4 adders
  An ufetubus (D:3)
  2 oozes (D:1)
  4 worms
  4 dart slugs
  4 orcs
  4 giant cockroaches
  6 goblins
  6 hobgoblins
  6 jackals
  6 kobolds
  A quokka (D:4)
  A ball python (D:2)
  13 bats
  4 frilled lizards
  6 rats
93 creatures vanquished. You could see a yak.

Levels and vault maps discovered:
D:1:      lemuel_arrival_river_bridge, layout_basic
D:2:      layout_loops_ring, lemuel_round_altar, uniq_crazy_yiuf_cottage,
          uniq_robin
D:3:      layout_basic, uniq_sigmund, uniq_jessica
D:4:      minmay_inner_zag, layout_rooms, portal_sewer_entry_f
